Sasquatch vs Harfangs

Created - November 16, 2020 at 19:07

Goals
1 2 3 OT1 SO T
Sasquatch 2 3 1 0 0 6
Harfangs 1 2 3 0 2 7
Shots
1 2 3 OT1 SO T
Sasquatch 11 9 6 1 2 27
Harfangs 14 11 9 1 2 35

1st period

1. Harfangs , Brandon McMillan 1 (Ryan Hartman 5, Nick Shore 1) at 0:40
2. Sasquatch , Jujhar Khaira 13 (Timo Meier 7, Devin Shore 17) at 8:40
3. Sasquatch , Jujhar Khaira 14 (Devin Shore 18) at 19:07

Penalties :
No Penalty

2nd period

4. Harfangs , Michael Bournival 6 (Dylan Olsen 5, Lucas Wallmarkk 5) at 2:35
5. Sasquatch , T.J. Tynan 3 (Alex Iafallo 2, Petr Straka 3) at 6:01
6. Harfangs , Jake Dotchin 1 (Nick Shore 2, Brandon McMillan 1) at 7:07 (PP)
7. Sasquatch , Jujhar Khaira 15 (Brandon Montour 4, Patrick Wey 8) at 16:18
8. Sasquatch , Dmitri Orlov 1 (Petr Straka 4) at 16:36 (PP)

Penalties :
T.J. Tynan (Gat) for Close Hand On Puck (Minor) at 6:19, Ryan Hartman (BEA) for Holding Stick (Minor) at 9:02, Dylan Olsen (BEA) for Hooking (Minor) at 16:35

3rd period

9. Sasquatch , Timo Meier 5 (Jujhar Khaira 12, Devin Shore 19) at 0:06
10. Harfangs , Cristoval Nieves 1 (Morgan Klimchuk 4) at 2:53
11. Harfangs , Morgan Klimchuk 4 (Dylan Olsen 6, Cristoval Nieves 1) at 3:56
12. Harfangs , Ryan Hartman 5 (Brandon McMillan 2, Nick Shore 3) at 5:57 (PP)

Penalties :
Jujhar Khaira (Gat) for Hooking (Minor) at 4:01

Overtime #1

No Goal

Penalties :
No Penalty

Shootout

Sasquatch, Jack Roslovic - Stopped by Anton Forsberg
Harfangs, Michael Bournival - Goal!
Sasquatch, Devin Shore - Stopped by Anton Forsberg
Harfangs, Tomas Kubalik - Goal!

Penalties :
No Penalty

Goalie Stats

Joonas Korpisalo (Gat), 29 saves from 35 shots - (0.829), OTL, 2-6-2, 65:00 minutes
Anton Forsberg (BEA), 8 saves from 9 shots - (0.889), W, 1-1-0, 28:24 minutes
Ilya Sorokin (BEA), 13 saves from 18 shots - (0.722), 36:36 minutes

Players Stats for Sasquatch

Player Name              G  A  P  +/- PIM S  H  SB GA TA FO     MP     PP MP  PK MP  
------------------------------------------------------------------------------------
Alex Iafallo             0  1  1   1  0   3  3  0  0  2  1/1    17:58   0:00   0:50 
Brandon Montour          0  1  1   0  0   0  1  0  0  1  0/0    25:04   1:04   0:53 
Brett Pesce              0  0  0  -1  0   0  0  0  0  1  0/0    20:48   0:56   0:00 
Devin Shore              0  3  3   3  0   1  2  2  1  0  13/21  22:38   1:12   0:50 
Dmitri Orlov             1  0  1   2  0   3  0  1  1  0  0/0    13:48   0:56   0:00 
Dylan Sikura             0  0  0   0  0   0  0  0  0  0  0/0     8:57   0:00   0:00 
Jack Roslovic            0  0  0   0  0   1  0  0  0  0  1/5     9:41   0:00   0:00 
Jujhar Khaira            3  1  4   3  2   7  2  1  0  0  2/3    21:56   0:47   0:00 
Martin Marincin          0  0  0  -1  0   0  0  0  0  0  0/0    24:54   0:00   1:51 
Mirco Mueller            0  0  0   2  0   0  0  0  0  1  0/0    15:49   0:00   1:51 
Patrick Wey              0  1  1   0  0   1  3  1  1  4  0/0    29:20   1:04   0:53 
Petr Straka              0  2  2   1  0   0  1  0  1  0  1/2    16:16   0:48   0:00 
Sam Reinhart             0  0  0  -3  0   2  0  0  0  0  1/1    11:42   0:00   0:00 
Sergey Kalinin           0  0  0  -3  0   0  0  0  0  1  5/14   15:23   0:00   1:54 
T.J. Tynan               1  0  1   1  2   4  1  0  0  0  9/15   16:05   0:48   0:00 
Teemu Hartikainen        0  0  0  -3  0   3  0  0  2  1  0/0    15:19   0:01   1:54 
Timo Meier               1  1  2   3  0   1  1  0  0  0  1/1    20:38   1:12   0:00 
Valentin Zykov           0  0  0   0  0   1  4  0  1  0  0/0    10:58   1:12   0:00 

Players Stats for Harfangs

Player Name              G  A  P  +/- PIM S  H  SB GA TA FO     MP     PP MP  PK MP  
------------------------------------------------------------------------------------
Blake Heinrich           0  0  0  -1  0   1  1  0  0  0  0/0     7:17   0:00   0:00 
Brandon McMillan         1  2  3   0  0   5  2  2  0  0  0/0    20:40   1:46   0:32 
Brendan Leipsic          0  0  0   0  0   0  0  0  0  0  0/0     1:44   0:00   0:00 
Brenden Kichton          0  0  0  -1  0   0  0  3  0  0  0/0     7:17   0:00   0:00 
Cristoval Nieves         1  1  2   1  0   4  0  0  1  0  5/10   13:20   0:00   0:09 
David Kampf              0  0  0  -1  0   0  1  0  0  1  0/0     3:36   0:00   0:00 
Devon Teows              0  0  0   0  0   0  0  0  0  0  0/0     0:47   0:00   0:01 
Dylan Olsen              0  2  2   1  2   2  2  0  3  1  0/0    27:01   2:35   1:20 
Erik Nystrom             0  0  0  -1  0   0  0  2  1  0  0/0     5:55   0:00   0:00 
Ivan Provorov            0  0  0   1  0   0  1  0  0  1  0/0    11:52   0:00   0:00 
Jake Dotchin             1  0  1  -2  0   1  1  0  0  0  0/0    18:02   0:09   0:39 
Laurent Dauphin          0  0  0   0  0   0  0  0  0  0  0/0     1:48   0:00   0:28 
Lucas Wallmarkk          0  1  1  -1  0   0  0  0  0  0  1/2     5:55   0:00   0:00 
Mark Alt                 0  0  0   1  0   0  0  1  0  0  0/0    11:52   0:00   0:00 
Michael Bournival        1  0  1  -1  0   5  2  2  1  0  3/5    26:44   0:58   0:51 
Morgan Klimchuk          1  1  2   1  0   1  0  0  0  0  0/0    13:42   0:00   0:28 
Nick Shore               0  3  3   0  0   4  2  1  2  1  5/13   18:57   1:46   0:00 
Reid McNeill             0  0  0  -2  0   0  3  1  0  0  0/0    18:02   0:09   0:39 
Rinat Valiev             0  0  0   0  0   0  0  0  0  0  0/0     0:46   0:00   0:00 
Ryan Hartman             1  1  2   0  2   6  2  0  1  0  2/3    18:58   1:46   0:00 
Sven Andrighetto         0  0  0   1  0   1  2  0  0  1  0/1    12:54   0:00   0:00 
Tomas Kubalik            0  0  0  -1  0   4  4  0  1  0  1/2    22:28   0:58   1:00 
Tyler Brenner            0  0  0  -1  0   0  2  1  1  0  12/27  21:18   0:58   0:32 
Victor Bartley           0  0  0   1  0   1  1  2  0  2  0/0    27:03   2:35   1:21 

3 Stars

1 - Jujhar Khaira (Gat)
2 - Devin Shore (Gat)
3 - Brandon McMillan (BEA)

Power Play

Sasquatch - 1 on 2 Attempt(s) - 50.00%
Harfangs - 2 on 2 Attempt(s) - 100.00%

Penalty Kill

Sasquatch - 0 on 2 Attempt(s) - 0.00% - Score 0 goal in Penalty Kill
Harfangs - 1 on 2 Attempt(s) - 50.00% - Score 0 goal in Penalty Kill

Team Stat

Sasquatch - Hits : 18 - Faceoff Wins : 34 - Blocked Shots : 5 - Penalty Minutes : 4
Harfangs - Hits : 26 - Faceoff Wins : 29 - Blocked Shots : 15 - Penalty Minutes : 4

Official

Referees : Unknown
Linesman : Unknown

Game Notes

Jujhar Khaira has scored a Hat Trick!
Anton Forsberg enters game at 16:36 of 2nd period

Finance

Level 1 -- Attendance: 1754 (87.70%) -- Ticket Income $59,636
Level 2 -- Attendance: 760 (76.00%) -- Ticket Income $14,440
Total Attendance: 2514 (83.80%)
Total Ticket Income: $74,076
Other Income: $3,704
Total Income: $77,780

Sasquatch

5 vs 5 Forward 
   Center                   Left Wing                Right Wing               Time % Phy DF OF 
 1 Devin Shore              Jujhar Khaira            Timo Meier               40     1   2  2  
 2 T.J. Tynan               Alex Iafallo             Petr Straka              30     1   2  2  
 3 Sergey Kalinin           Teemu Hartikainen        Sam Reinhart             20     1   2  2  
 4 Jack Roslovic            Valentin Zykov           Dylan Sikura             10     1   2  2  

5 vs 5 Defense 
   Defense                  Defense                                           Time % Phy DF OF 
 1 Patrick Wey              Martin Marincin                                   40     1   2  2  
 2 Brandon Montour          Brett Pesce                                       30     1   2  2  
 3 Mirco Mueller            Dmitri Orlov                                      20     1   2  2  
 4 Brandon Montour          Patrick Wey                                       10     1   2  2  

PowerPlay Forward 
   Center                   Left Wing                Right Wing               Time % Phy DF OF 
 1 Devin Shore              Valentin Zykov           Timo Meier               60     1   2  2  
 2 T.J. Tynan               Jujhar Khaira            Petr Straka              40     1   2  2  

PowerPlay Defense
   Defense                  Defense                                           Time % Phy DF OF 
 1 Brandon Montour          Patrick Wey                                       60     1   2  2  
 2 Dmitri Orlov             Brett Pesce                                       40     1   2  2  

Penalty Kill 4 Players Forward 
   Center                   Wing                     Time % Phy DF OF 
 1 Sergey Kalinin           Teemu Hartikainen        60     1   2  2  
 2 Devin Shore              Jujhar Khaira            40     1   2  2  

Penalty Kill 4 Players Defense
   Defense                  Defense                  Time % Phy DF OF 
 1 Mirco Mueller            Martin Marincin          60     1   2  2  
 2 Brandon Montour          Patrick Wey              40     1   2  2  

Penalty Kill - 3 Players Forward 
   Forward                                           Time % Phy DF OF 
 1 Sergey Kalinin                                    60     1   2  2  
 2 T.J. Tynan                                        40     1   2  2  

Penalty Kill - 3 Players Defense
   Defense                  Defense                  Time % Phy DF OF 
 1 Brandon Montour          Martin Marincin          60     1   2  2  
 2 Mirco Mueller            Patrick Wey              40     1   2  2  

4 vs 4 Forward 
   Center                   Wing                     Time % Phy DF OF 
 1 Sergey Kalinin           Jujhar Khaira            60     1   2  2  
 2 Devin Shore              Teemu Hartikainen        40     1   2  2  

4 vs 4 Defense
   Defense                  Defense                  Time % Phy DF OF 
 1 Mirco Mueller            Martin Marincin          60     1   2  2  
 2 Brett Pesce              Patrick Wey              40     1   2  2  

Last Minutes Offensive
   Center                   Left Wing                Right Wing               Defense                  Defense                  
   Devin Shore              Jujhar Khaira            Timo Meier               Brett Pesce              Patrick Wey              

Last Minutes Defensive
   Center                   Left Wing                Right Wing               Defense                  Defense                  
   Sergey Kalinin           Teemu Hartikainen        Jujhar Khaira            Brandon Montour          Martin Marincin          

Goaltenders
Starting : Joonas Korpisalo         
Backup : Anders Nilsson           

Extra Forwards
Normal : Teemu Hartikainen, Jujhar Khaira, Sergey Kalinin - PP : Teemu Hartikainen, Jujhar Khaira - PK : Devin Shore
Extra Defensemen
Normal : Patrick Wey, Brett Pesce, Mirco Mueller - PP : Martin Marincin - PK : Patrick Wey, Brandon Montour
Penalty Shots
Jack Roslovic, Devin Shore, Petr Straka, T.J. Tynan, Valentin Zykov

Scratches
Roope Hintz (Healthy), Ethan Bear (Healthy), Nikita Nesterov (Healthy), Hudson Fasching (Healthy), Christoffer Ehn (Healthy)
Alex Lintuniemi (Healthy), Cal Petersen (Healthy)

Harfangs

5 vs 5 Forward 
   Center                   Left Wing                Right Wing               Time % Phy DF OF 
 1 Tyler Brenner            Michael Bournival        Tomas Kubalik            40     1   2  2  
 2 Nick Shore               Brandon McMillan         Ryan Hartman             30     1   2  2  
 3 Cristoval Nieves         Morgan Klimchuk          Sven Andrighetto         20     1   2  2  
 4 Lucas Wallmarkk          Erik Nystrom             Michael Bournival        10     1   2  2  

5 vs 5 Defense 
   Defense                  Defense                                           Time % Phy DF OF 
 1 Dylan Olsen              Victor Bartley                                    40     1   2  2  
 2 Reid McNeill             Jake Dotchin                                      30     1   2  2  
 3 Mark Alt                 Ivan Provorov                                     20     1   2  2  
 4 Brenden Kichton          Blake Heinrich                                    10     1   2  2  

PowerPlay Forward 
   Center                   Left Wing                Right Wing               Time % Phy DF OF 
 1 Tyler Brenner            Michael Bournival        Tomas Kubalik            60     1   2  2  
 2 Nick Shore               Brandon McMillan         Ryan Hartman             40     1   2  2  

PowerPlay Defense
   Defense                  Defense                                           Time % Phy DF OF 
 1 Dylan Olsen              Victor Bartley                                    60     1   2  2  
 2 Reid McNeill             Jake Dotchin                                      40     1   2  2  

Penalty Kill 4 Players Forward 
   Center                   Wing                     Time % Phy DF OF 
 1 Michael Bournival        Tomas Kubalik            60     1   2  2  
 2 Tyler Brenner            Brandon McMillan         40     1   2  2  

Penalty Kill 4 Players Defense
   Defense                  Defense                  Time % Phy DF OF 
 1 Dylan Olsen              Victor Bartley           60     1   2  2  
 2 Reid McNeill             Jake Dotchin             40     1   2  2  

Penalty Kill - 3 Players Forward 
   Forward                                           Time % Phy DF OF 
 1 Michael Bournival                                 60     1   2  2  
 2 Tomas Kubalik                                     40     1   2  2  

Penalty Kill - 3 Players Defense
   Defense                  Defense                  Time % Phy DF OF 
 1 Dylan Olsen              Victor Bartley           60     1   2  2  
 2 Reid McNeill             Jake Dotchin             40     1   2  2  

4 vs 4 Forward 
   Center                   Wing                     Time % Phy DF OF 
 1 Michael Bournival        Tomas Kubalik            60     1   2  2  
 2 Tyler Brenner            Brandon McMillan         40     1   2  2  

4 vs 4 Defense
   Defense                  Defense                  Time % Phy DF OF 
 1 Dylan Olsen              Victor Bartley           60     1   2  2  
 2 Reid McNeill             Jake Dotchin             40     1   2  2  

Last Minutes Offensive
   Center                   Left Wing                Right Wing               Defense                  Defense                  
   Tyler Brenner            Michael Bournival        Tomas Kubalik            Dylan Olsen              Victor Bartley           

Last Minutes Defensive
   Center                   Left Wing                Right Wing               Defense                  Defense                  
   Tyler Brenner            Michael Bournival        Tomas Kubalik            Dylan Olsen              Victor Bartley           

Goaltenders
Starting : Ilya Sorokin             
Backup : Anton Forsberg           

Extra Forwards
Normal : David Kampf, Brendan Leipsic, Laurent Dauphin - PP : David Kampf, Brendan Leipsic - PK : Laurent Dauphin
Extra Defensemen
Normal : Rinat Valiev, Devon Teows, Mark Alt - PP : Rinat Valiev - PK : Devon Teows, Mark Alt
Penalty Shots
Michael Bournival, Tomas Kubalik, Tyler Brenner, Brandon McMillan, Ryan Hartman

Scratches
Tyler Randell (Broken Bone (Right Leg) Injury), Calle Jarnkrok (Torn Right ACL Injury), A.J. Greer (Healthy), JC Lipon (Healthy), Cooper Marody (Healthy)
Nick Sorensen (Healthy), Justin Kirkland (Healthy), Anthony Angello (Healthy), Jason Kasdorf (Healthy), Scott Wedgewood (Healthy)
Zachary Fucale (Healthy)

% Time on Ice - Sasquatch

Lines # - Real PCT - Wanted PCT - Time Play
Normal Forward
1 - 35% - 40% - 19:09
2 - 28% - 30% - 15:28
3 - 21% - 20% - 11:42
4 - 16% - 10% - 8:57
Normal Defense
1 - 39% - 40% - 21:36
2 - 31% - 30% - 16:56
3 - 21% - 20% - 11:40
4 - 9% - 10% - 5:04
PP Forward
1 - 60% - 60% - 1:12
2 - 40% - 40% - 0:48
PP Defense
1 - 53% - 60% - 1:04
2 - 47% - 40% - 0:56
PK Forward
1 - 70% - 60% - 1:54
2 - 30% - 40% - 0:50
PK Defense
1 - 68% - 60% - 1:51
2 - 32% - 40% - 0:53
PK3 Forward
1 - 0% - 60%
2 - 0% - 40%
PK3 Defense
1 - 0% - 60%
2 - 0% - 40%
44 Forward
1 - 94% - 60% - 4:41
2 - 6% - 40% - 0:19
44 Defense
1 - 62% - 60% - 3:07
2 - 38% - 40% - 1:53
Last Minute Offensive  - 0:00
Last Minute Defensive  - 0:00
Total
Forward - 65:00
Defense - 65:00

% Time on Ice - Harfangs

Lines # - Real PCT - Wanted PCT - Time Play
Normal Forward
1 - 34% - 40% - 18:54
2 - 32% - 30% - 17:33
3 - 23% - 20% - 12:54
4 - 11% - 10% - 5:55
Normal Defense
1 - 38% - 40% - 20:49
2 - 28% - 30% - 15:18
3 - 21% - 20% - 11:52
4 - 13% - 10% - 7:17
PP Forward
1 - 35% - 60% - 0:58
2 - 65% - 40% - 1:46
PP Defense
1 - 95% - 60% - 2:35
2 - 5% - 40% - 0:09
PK Forward
1 - 73% - 60% - 1:28
2 - 27% - 40% - 0:32
PK Defense
1 - 68% - 60% - 1:21
2 - 33% - 40% - 0:39
PK3 Forward
1 - 0% - 60%
2 - 0% - 40%
PK3 Defense
1 - 0% - 60%
2 - 0% - 40%
44 Forward
1 - 77% - 60% - 3:51
2 - 23% - 40% - 1:09
44 Defense
1 - 61% - 60% - 3:04
2 - 39% - 40% - 1:56
Last Minute Offensive  - 0:00
Last Minute Defensive  - 0:00
Total
Forward - 65:00
Defense - 65:00

Play-by-Play

1st period


0:01 of 1st period - Devin Shore wins face-off versus Tyler Brenner in neutral zone.
0:08 of 1st period - Snap shot by Jujhar Khaira.
0:08 of 1st period - Deflect By Devin Shore.
0:08 of 1st period - Stopped by Ilya Sorokin with a rebound.
0:12 of 1st period - Wrist shot by Devin Shore.
0:12 of 1st period - Shot Blocked by Michael Bournival.
0:14 of 1st period - Wrist shot by Martin Marincin.
0:14 of 1st period - Shot Misses the Net.
0:16 of 1st period - Slapshot by Martin Marincin.
0:16 of 1st period - Shot Misses the Net.
0:28 of 1st period - Snap shot by Nick Shore.
0:28 of 1st period - Shot Misses the Net.
0:30 of 1st period - Snap shot by Brandon McMillan.
0:30 of 1st period - Stopped by Joonas Korpisalo without a rebound.
0:31 of 1st period - Nick Shore wins face-off versus Sergey Kalinin in Sasquatch zone.
0:38 of 1st period - Snap shot by Ryan Hartman.
0:38 of 1st period - Stopped by Joonas Korpisalo with a rebound.
0:40 of 1st period - Slapshot by Brandon McMillan.
0:40 of 1st period - Goal by Brandon McMillan - Sasquatch : 0 - Harfangs : 1.
0:41 of 1st period - Cristoval Nieves wins face-off versus Jack Roslovic in neutral zone.
0:46 of 1st period - Snap shot by Sven Andrighetto.
0:46 of 1st period - Shot Misses the Net.
0:52 of 1st period - Snap shot by Cristoval Nieves.
0:52 of 1st period - Stopped by Joonas Korpisalo without a rebound.
0:53 of 1st period - Lucas Wallmarkk wins face-off versus T.J. Tynan in Sasquatch zone.
1:25 of 1st period - Devin Shore is hit by Ryan Hartman and loses puck.
1:44 of 1st period - Snap shot by Sam Reinhart.
1:44 of 1st period - Stopped by Ilya Sorokin without a rebound.
1:45 of 1st period - Cristoval Nieves wins face-off versus Sergey Kalinin in Harfangs zone.
2:30 of 1st period - Wrist shot by Tyler Brenner.
2:30 of 1st period - Deflect By Tomas Kubalik.
2:30 of 1st period - Stopped by Joonas Korpisalo without a rebound.
2:31 of 1st period - T.J. Tynan wins face-off versus Tyler Brenner in Sasquatch zone.
2:56 of 1st period - Snap shot by Petr Straka.
2:56 of 1st period - Deflect By T.J. Tynan.
2:56 of 1st period - Shot Misses the Net.
2:56 of 1st period - Puck is out of play.
2:57 of 1st period - Devin Shore wins face-off versus Nick Shore in Harfangs zone.
3:04 of 1st period - Snap shot by Jujhar Khaira.
3:04 of 1st period - Stopped by Ilya Sorokin without a rebound.
3:05 of 1st period - Timo Meier wins face-off versus Nick Shore in Harfangs zone.
3:06 of 1st period - Wrist shot by Jujhar Khaira.
3:06 of 1st period - Shot Misses the Net.
3:14 of 1st period - Snap shot by Ryan Hartman.
3:14 of 1st period - Shot Misses the Net.
3:16 of 1st period - Snap shot by Nick Shore.
3:16 of 1st period - Shot Blocked by Jujhar Khaira.
3:18 of 1st period - Snap shot by Ryan Hartman.
3:18 of 1st period - Stopped by Joonas Korpisalo with a rebound.
3:31 of 1st period - Off-side.
3:32 of 1st period - Tyler Brenner wins face-off versus Jack Roslovic in neutral zone.
4:07 of 1st period - Snap shot by Valentin Zykov.
4:07 of 1st period - Shot Blocked by Reid McNeill.
4:10 of 1st period - Icing by Jake Dotchin.
4:11 of 1st period - Devin Shore wins face-off versus Tyler Brenner in Harfangs zone.
4:12 of 1st period - Wrist shot by Jujhar Khaira.
4:12 of 1st period - Shot Misses the Net.
4:36 of 1st period - Reid McNeill is hit by Alex Iafallo and loses puck.
4:41 of 1st period - Snap shot by T.J. Tynan.
4:41 of 1st period - Stopped by Ilya Sorokin with a rebound.
4:47 of 1st period - Slapshot by T.J. Tynan.
4:47 of 1st period - Stopped by Ilya Sorokin without a rebound.
4:48 of 1st period - Nick Shore wins face-off versus Sergey Kalinin in Harfangs zone.
4:58 of 1st period - Slapshot by Nick Shore.
4:58 of 1st period - Stopped by Joonas Korpisalo without a rebound.
4:59 of 1st period - Nick Shore wins face-off versus Devin Shore in Sasquatch zone.
5:10 of 1st period - Snap shot by Ryan Hartman.
5:10 of 1st period - Shot Blocked by Devin Shore.
5:12 of 1st period - Wrist shot by Victor Bartley.
5:12 of 1st period - Shot Misses the Net.
5:24 of 1st period - Victor Bartley is hit by Alex Iafallo.
6:54 of 1st period - Wrist shot by Petr Straka.
6:54 of 1st period - Deflect By Alex Iafallo.
6:54 of 1st period - Stopped by Ilya Sorokin with a rebound.
7:26 of 1st period - Snap shot by Michael Bournival.
7:26 of 1st period - Stopped by Joonas Korpisalo without a rebound.
7:27 of 1st period - Sergey Kalinin wins face-off versus Ryan Hartman in Sasquatch zone.
7:27 of 1st period - Sergey Kalinin is hit by Nick Shore.
8:14 of 1st period - Snap shot by Nick Shore.
8:14 of 1st period - Shot Hit the Post.
8:22 of 1st period - Wrist shot by Ryan Hartman.
8:22 of 1st period - Shot Misses the Net.
8:24 of 1st period - Slapshot by Blake Heinrich.
8:24 of 1st period - Stopped by Joonas Korpisalo with a rebound.
8:26 of 1st period - Snap shot by Blake Heinrich.
8:26 of 1st period - Deflect By Nick Shore.
8:26 of 1st period - Stopped by Joonas Korpisalo without a rebound.
8:27 of 1st period - Devin Shore wins face-off versus Cristoval Nieves in Sasquatch zone.
8:40 of 1st period - Snap shot by Jujhar Khaira.
8:40 of 1st period - Goal by Jujhar Khaira - Sasquatch : 1 - Harfangs : 1.
8:41 of 1st period - Jujhar Khaira wins face-off versus Tyler Brenner in neutral zone.
9:25 of 1st period - Slapshot by Nick Shore.
9:25 of 1st period - Shot Misses the Net.
9:27 of 1st period - Slapshot by Ryan Hartman.
9:27 of 1st period - Stopped by Joonas Korpisalo without a rebound.
9:28 of 1st period - Ryan Hartman wins face-off versus Sergey Kalinin in Sasquatch zone.
9:47 of 1st period - Wrist shot by Sergey Kalinin.
9:47 of 1st period - Deflect By Sam Reinhart.
9:47 of 1st period - Deflect By Dylan Olsen.
9:47 of 1st period - Shot Misses the Net.
9:47 of 1st period - Puck is out of play.
9:48 of 1st period - Tyler Brenner wins face-off versus Devin Shore in Harfangs zone.
9:53 of 1st period - Snap shot by Tyler Brenner.
9:53 of 1st period - Shot Misses the Net.
9:55 of 1st period - Slapshot by Ivan Provorov.
9:55 of 1st period - Deflect By Tomas Kubalik.
9:55 of 1st period - Stopped by Joonas Korpisalo without a rebound.
9:56 of 1st period - Tomas Kubalik wins face-off versus Jujhar Khaira in Sasquatch zone.
10:15 of 1st period - Brett Pesce is hit by Tomas Kubalik and loses puck.
11:05 of 1st period - Snap shot by Jujhar Khaira.
11:05 of 1st period - Stopped by Ilya Sorokin without a rebound.
11:06 of 1st period - T.J. Tynan wins face-off versus Nick Shore in Harfangs zone.
11:15 of 1st period - Backhand shot by T.J. Tynan.
11:15 of 1st period - Stopped by Ilya Sorokin with a rebound.
11:17 of 1st period - Snap shot by T.J. Tynan.
11:17 of 1st period - Shot Blocked by Victor Bartley.
11:28 of 1st period - Icing by Victor Bartley.
11:29 of 1st period - Jack Roslovic wins face-off versus Cristoval Nieves in Harfangs zone.
12:21 of 1st period - Slapshot by Michael Bournival.
12:21 of 1st period - Stopped by Joonas Korpisalo without a rebound.
12:22 of 1st period - Sergey Kalinin wins face-off versus Lucas Wallmarkk in Sasquatch zone.
12:49 of 1st period - Timo Meier is hit by Jake Dotchin.
13:55 of 1st period - Mirco Mueller is hit by Victor Bartley and loses puck.
14:14 of 1st period - Dmitri Orlov is hit by Michael Bournival and loses puck.
14:21 of 1st period - Dylan Olsen is hit by Devin Shore and loses puck.
15:05 of 1st period - Dylan Sikura is hit by Sven Andrighetto and loses puck.
15:16 of 1st period - Snap shot by Teemu Hartikainen.
15:16 of 1st period - Stopped by Ilya Sorokin without a rebound.
15:17 of 1st period - Sergey Kalinin wins face-off versus Tyler Brenner in Harfangs zone.
16:33 of 1st period - Slapshot by Dylan Olsen.
16:33 of 1st period - Stopped by Joonas Korpisalo without a rebound.
16:34 of 1st period - Devin Shore wins face-off versus Tyler Brenner in Sasquatch zone.
16:39 of 1st period - Slapshot by Devin Shore.
16:39 of 1st period - Shot Misses the Net.
17:29 of 1st period - Slapshot by Ryan Hartman.
17:29 of 1st period - Shot Misses the Net.
17:43 of 1st period - Jujhar Khaira is hit by Ivan Provorov.
18:15 of 1st period - Snap shot by Jujhar Khaira.
18:15 of 1st period - Shot Blocked by Mark Alt.
18:31 of 1st period - Snap shot by Nick Shore.
18:31 of 1st period - Shot Misses the Net.
19:07 of 1st period - Snap shot by Jujhar Khaira.
19:07 of 1st period - Goal by Jujhar Khaira - Sasquatch : 2 - Harfangs : 1.
19:08 of 1st period - T.J. Tynan wins face-off versus Nick Shore in neutral zone.
19:20 of 1st period - Patrick Wey is hit by Dylan Olsen.
Goals for this period are 2 for Sasquatch vs 1 for Harfangs.
Shots for this period are 11 for Sasquatch vs 14 for Harfangs.

2nd period


0:01 of 2nd period - Tyler Brenner wins face-off versus T.J. Tynan in neutral zone.
0:12 of 2nd period - Alex Iafallo is hit by Tomas Kubalik.
0:33 of 2nd period - Off-side.
0:34 of 2nd period - T.J. Tynan wins face-off versus Nick Shore in neutral zone.
0:39 of 2nd period - T.J. Tynan is hit by Ryan Hartman.
0:50 of 2nd period - Wrist shot by Nick Shore.
0:50 of 2nd period - Stopped by Joonas Korpisalo with a rebound.
1:16 of 2nd period - Timo Meier is hit by Reid McNeill and loses puck.
2:33 of 2nd period - Slapshot by Dylan Olsen.
2:33 of 2nd period - Deflect By Jujhar Khaira.
2:33 of 2nd period - Stopped by Joonas Korpisalo with a rebound.
2:35 of 2nd period - Wrist shot by Michael Bournival.
2:35 of 2nd period - Goal by Michael Bournival - Sasquatch : 2 - Harfangs : 2.
2:36 of 2nd period - T.J. Tynan wins face-off versus Tyler Brenner in neutral zone.
2:48 of 2nd period - Icing by Jake Dotchin.
2:49 of 2nd period - T.J. Tynan wins face-off versus Tyler Brenner in Harfangs zone.
2:52 of 2nd period - Slapshot by Alex Iafallo.
2:52 of 2nd period - Stopped by Ilya Sorokin without a rebound.
2:53 of 2nd period - Tyler Brenner wins face-off versus T.J. Tynan in Harfangs zone.
3:04 of 2nd period - Slapshot by Tomas Kubalik.
3:04 of 2nd period - Stopped by Joonas Korpisalo with a rebound.
3:25 of 2nd period - Slapshot by Brandon Montour.
3:25 of 2nd period - Shot Blocked by Brandon McMillan.
4:37 of 2nd period - Icing by Jujhar Khaira.
4:38 of 2nd period - Cristoval Nieves wins face-off versus Devin Shore in Sasquatch zone.
5:11 of 2nd period - Slapshot by Ryan Hartman.
5:11 of 2nd period - Deflect By Brandon McMillan.
5:11 of 2nd period - Stopped by Joonas Korpisalo with a rebound.
5:13 of 2nd period - Wrist shot by Ryan Hartman.
5:13 of 2nd period - Stopped by Joonas Korpisalo with a rebound.
5:15 of 2nd period - Snap shot by Brandon McMillan.
5:15 of 2nd period - Deflect By Nick Shore.
5:15 of 2nd period - Stopped by Joonas Korpisalo with a rebound.
5:32 of 2nd period - Mark Alt is hit by Alex Iafallo and loses puck.
5:39 of 2nd period - Martin Marincin is hit by Tomas Kubalik and loses puck.
5:47 of 2nd period - Icing by T.J. Tynan.
5:48 of 2nd period - Cristoval Nieves wins face-off versus T.J. Tynan in Sasquatch zone.
5:59 of 2nd period - Backhand shot by Alex Iafallo.
5:59 of 2nd period - Shot Misses the Net.
6:01 of 2nd period - Snap shot by T.J. Tynan.
6:01 of 2nd period - Goal by T.J. Tynan - Sasquatch : 3 - Harfangs : 2.
6:02 of 2nd period - Tyler Brenner wins face-off versus Petr Straka in neutral zone.
6:09 of 2nd period - Snap shot by Tomas Kubalik.
6:09 of 2nd period - Stopped by Joonas Korpisalo without a rebound.
6:10 of 2nd period - T.J. Tynan wins face-off versus Tyler Brenner in Sasquatch zone.
6:10 of 2nd period - T.J. Tynan is hit by Tomas Kubalik.
6:19 of 2nd period - Minor Penalty to T.J. Tynan for Close Hand On Puck.
6:20 of 2nd period - Michael Bournival wins face-off versus Sergey Kalinin in Sasquatch zone.
6:35 of 2nd period - Wrist shot by Michael Bournival.
6:35 of 2nd period - Stopped by Joonas Korpisalo without a rebound.
6:36 of 2nd period - Tyler Brenner wins face-off versus Sergey Kalinin in Sasquatch zone.
7:05 of 2nd period - Slapshot by Nick Shore.
7:05 of 2nd period - Shot Hit the Post.
7:07 of 2nd period - Slapshot by Jake Dotchin.
7:07 of 2nd period - Goal by Jake Dotchin - Sasquatch : 3 - Harfangs : 3.
7:08 of 2nd period - Tyler Brenner wins face-off versus Devin Shore in neutral zone.
7:46 of 2nd period - Wrist shot by Alex Iafallo.
7:46 of 2nd period - Stopped by Ilya Sorokin without a rebound.
7:47 of 2nd period - Tyler Brenner wins face-off versus Sergey Kalinin in Harfangs zone.
7:56 of 2nd period - Wrist shot by Tyler Brenner.
7:56 of 2nd period - Shot Blocked by Dmitri Orlov.
8:12 of 2nd period - Jake Dotchin is hit by Jujhar Khaira and loses puck.
8:17 of 2nd period - Snap shot by Timo Meier.
8:17 of 2nd period - Deflect By Devin Shore.
8:17 of 2nd period - Shot Blocked by Nick Shore.
8:17 of 2nd period - Puck is out of play.
8:18 of 2nd period - Nick Shore wins face-off versus Devin Shore in Harfangs zone.
8:44 of 2nd period - Wrist shot by Sam Reinhart.
8:44 of 2nd period - Stopped by Ilya Sorokin with a rebound.
8:54 of 2nd period - Wrist shot by Teemu Hartikainen.
8:54 of 2nd period - Stopped by Ilya Sorokin with a rebound.
8:56 of 2nd period - Slapshot by Sergey Kalinin.
8:56 of 2nd period - Shot Misses the Net.
9:02 of 2nd period - Minor Penalty to Ryan Hartman for Holding Stick.
9:03 of 2nd period - Michael Bournival wins face-off versus Devin Shore in Harfangs zone.
9:34 of 2nd period - Wrist shot by Petr Straka.
9:34 of 2nd period - Shot Blocked by Michael Bournival.
10:45 of 2nd period - Patrick Wey is hit by Tyler Brenner and loses puck.
11:02 of 2nd period - Penalty to Ryan Hartman is over, Ryan Hartman is back on ice.
12:07 of 2nd period - Icing by Teemu Hartikainen.
12:08 of 2nd period - Sergey Kalinin wins face-off versus Cristoval Nieves in Sasquatch zone.
12:31 of 2nd period - Dylan Sikura is hit by Reid McNeill.
13:14 of 2nd period - Wrist shot by Martin Marincin.
13:14 of 2nd period - Shot Misses the Net.
14:09 of 2nd period - Victor Bartley is hit by Petr Straka.
14:53 of 2nd period - Snap shot by Brandon McMillan.
14:53 of 2nd period - Shot Blocked by Devin Shore.
15:07 of 2nd period - Wrist shot by Jujhar Khaira.
15:07 of 2nd period - Shot Blocked by Brenden Kichton.
15:09 of 2nd period - Wrist shot by Jujhar Khaira.
15:09 of 2nd period - Shot Blocked by Brenden Kichton.
15:42 of 2nd period - Slapshot by Devin Shore.
15:42 of 2nd period - Shot Blocked by Brenden Kichton.
16:06 of 2nd period - Wrist shot by Erik Nystrom.
16:06 of 2nd period - Shot Blocked by Patrick Wey.
16:16 of 2nd period - Snap shot by Jujhar Khaira.
16:16 of 2nd period - Shot Blocked by Erik Nystrom.
16:18 of 2nd period - Slapshot by Jujhar Khaira.
16:18 of 2nd period - Goal by Jujhar Khaira - Sasquatch : 4 - Harfangs : 3.
16:19 of 2nd period - T.J. Tynan wins face-off versus Michael Bournival in neutral zone.
16:35 of 2nd period - Minor Penalty to Dylan Olsen for Hooking.
16:36 of 2nd period - Petr Straka wins face-off versus Michael Bournival in Harfangs zone.
16:36 of 2nd period - Slapshot by Dmitri Orlov.
16:36 of 2nd period - Goal by Dmitri Orlov - Sasquatch : 5 - Harfangs : 3.
16:36 of 2nd period - Anton Forsberg enters game.
16:37 of 2nd period - T.J. Tynan wins face-off versus Tomas Kubalik in neutral zone.
16:40 of 2nd period - Tyler Brenner is hit by T.J. Tynan and loses puck.
17:07 of 2nd period - Slapshot by Dmitri Orlov.
17:07 of 2nd period - Stopped by Anton Forsberg with a rebound.
17:40 of 2nd period - Timo Meier is hit by Sven Andrighetto and loses puck.
18:42 of 2nd period - Teemu Hartikainen is hit by Brandon McMillan.
19:07 of 2nd period - Icing by Jack Roslovic.
19:08 of 2nd period - Tyler Brenner wins face-off versus Jack Roslovic in Sasquatch zone.
19:20 of 2nd period - Snap shot by Dylan Sikura.
19:20 of 2nd period - Shot Blocked by Tyler Brenner.
19:22 of 2nd period - Slapshot by Patrick Wey.
19:22 of 2nd period - Shot Misses the Net.
19:24 of 2nd period - Slapshot by Patrick Wey.
19:24 of 2nd period - Stopped by Anton Forsberg with a rebound.
19:42 of 2nd period - Snap shot by Michael Bournival.
19:42 of 2nd period - Stopped by Joonas Korpisalo with a rebound.
19:48 of 2nd period - Tyler Brenner is hit by Valentin Zykov and loses puck.
Goals for this period are 3 for Sasquatch vs 2 for Harfangs.
Shots for this period are 9 for Sasquatch vs 11 for Harfangs.

3rd period


0:01 of 3rd period - Devin Shore wins face-off versus Tyler Brenner in neutral zone.
0:04 of 3rd period - Slapshot by Jujhar Khaira.
0:04 of 3rd period - Shot Misses the Net.
0:06 of 3rd period - Wrist shot by Jujhar Khaira.
0:06 of 3rd period - Deflect By Timo Meier.
0:06 of 3rd period - Goal by Timo Meier - Sasquatch : 6 - Harfangs : 3.
0:07 of 3rd period - Tyler Brenner wins face-off versus T.J. Tynan in neutral zone.
1:19 of 3rd period - Wrist shot by Dmitri Orlov.
1:19 of 3rd period - Deflect By Michael Bournival.
1:19 of 3rd period - Stopped by Anton Forsberg with a rebound.
1:21 of 3rd period - Snap shot by Dylan Sikura.
1:21 of 3rd period - Shot Misses the Net.
1:23 of 3rd period - Snap shot by Dylan Sikura.
1:23 of 3rd period - Deflect By Jack Roslovic.
1:23 of 3rd period - Shot Blocked by Victor Bartley.
1:23 of 3rd period - Puck is out of play.
1:24 of 3rd period - Devin Shore wins face-off versus Nick Shore in Harfangs zone.
1:54 of 3rd period - Off-side.
1:55 of 3rd period - Alex Iafallo wins face-off versus Tyler Brenner in neutral zone.
2:31 of 3rd period - Snap shot by Devin Shore.
2:31 of 3rd period - Shot Misses the Net.
2:33 of 3rd period - Wrist shot by Devin Shore.
2:33 of 3rd period - Shot Misses the Net.
2:53 of 3rd period - Backhand shot by Cristoval Nieves.
2:53 of 3rd period - Deflect By Brandon Montour.
2:53 of 3rd period - Goal by Cristoval Nieves - Sasquatch : 6 - Harfangs : 4.
2:54 of 3rd period - Devin Shore wins face-off versus Tyler Brenner in neutral zone.
2:57 of 3rd period - Tyler Brenner is hit by Timo Meier and loses puck.
3:52 of 3rd period - Wrist shot by Cristoval Nieves.
3:52 of 3rd period - Stopped by Joonas Korpisalo with a rebound.
3:54 of 3rd period - Slapshot by Dylan Olsen.
3:54 of 3rd period - Shot Misses the Net.
3:56 of 3rd period - Wrist shot by Morgan Klimchuk.
3:56 of 3rd period - Goal by Morgan Klimchuk - Sasquatch : 6 - Harfangs : 5.
3:57 of 3rd period - Tyler Brenner wins face-off versus Devin Shore in neutral zone.
4:01 of 3rd period - Minor Penalty to Jujhar Khaira for Hooking.
4:02 of 3rd period - Tyler Brenner wins face-off versus Sergey Kalinin in Sasquatch zone.
4:58 of 3rd period - Martin Marincin is hit by Nick Shore and loses puck.
5:07 of 3rd period - Wrist shot by Ryan Hartman.
5:07 of 3rd period - Shot Misses the Net.
5:57 of 3rd period - Snap shot by Ryan Hartman.
5:57 of 3rd period - Goal by Ryan Hartman - Sasquatch : 6 - Harfangs : 6.
5:58 of 3rd period - Devin Shore wins face-off versus Tyler Brenner in neutral zone.
6:23 of 3rd period - Tomas Kubalik is hit by Valentin Zykov and loses puck.
7:33 of 3rd period - Off-side.
7:34 of 3rd period - Devin Shore wins face-off versus Cristoval Nieves in neutral zone.
7:39 of 3rd period - Wrist shot by Jujhar Khaira.
7:39 of 3rd period - Stopped by Anton Forsberg without a rebound.
7:40 of 3rd period - Devin Shore wins face-off versus Cristoval Nieves in Harfangs zone.
7:49 of 3rd period - Slapshot by Victor Bartley.
7:49 of 3rd period - Stopped by Joonas Korpisalo with a rebound.
7:55 of 3rd period - Dylan Olsen is hit by Jujhar Khaira and loses puck.
8:08 of 3rd period - Snap shot by Valentin Zykov.
8:08 of 3rd period - Stopped by Anton Forsberg without a rebound.
8:09 of 3rd period - Ryan Hartman wins face-off versus Jack Roslovic in Harfangs zone.
8:09 of 3rd period - Ryan Hartman is hit by Valentin Zykov.
8:19 of 3rd period - Snap shot by Jack Roslovic.
8:19 of 3rd period - Stopped by Anton Forsberg with a rebound.
8:21 of 3rd period - Slapshot by Mirco Mueller.
8:21 of 3rd period - Shot Misses the Net.
8:23 of 3rd period - Snap shot by Dmitri Orlov.
8:23 of 3rd period - Shot Misses the Net.
8:25 of 3rd period - Snap shot by Dmitri Orlov.
8:25 of 3rd period - Shot Blocked by Brandon McMillan.
8:47 of 3rd period - Slapshot by Petr Straka.
8:47 of 3rd period - Shot Hit the Post.
9:09 of 3rd period - Brandon McMillan is hit by Devin Shore and loses puck.
9:59 of 3rd period - Jack Roslovic is hit by Tyler Brenner and loses puck.
10:11 of 3rd period - Off-side.
10:12 of 3rd period - Jujhar Khaira wins face-off versus Sven Andrighetto in neutral zone.
10:21 of 3rd period - Slapshot by Cristoval Nieves.
10:21 of 3rd period - Stopped by Joonas Korpisalo with a rebound.
10:37 of 3rd period - Patrick Wey is hit by Dylan Olsen and loses puck.
11:04 of 3rd period - Cristoval Nieves is hit by Valentin Zykov and loses puck.
11:18 of 3rd period - Off-side.
11:19 of 3rd period - Devin Shore wins face-off versus Nick Shore in neutral zone.
12:21 of 3rd period - Slapshot by Brandon McMillan.
12:21 of 3rd period - Stopped by Joonas Korpisalo with a rebound.
13:05 of 3rd period - Cristoval Nieves is hit by Brandon Montour and loses puck.
14:45 of 3rd period - Snap shot by Valentin Zykov.
14:45 of 3rd period - Shot Blocked by Erik Nystrom.
15:30 of 3rd period - Off-side.
15:31 of 3rd period - Nick Shore wins face-off versus T.J. Tynan in neutral zone.
15:40 of 3rd period - Slapshot by Sven Andrighetto.
15:40 of 3rd period - Stopped by Joonas Korpisalo without a rebound.
15:41 of 3rd period - Cristoval Nieves wins face-off versus Devin Shore in Sasquatch zone.
16:17 of 3rd period - Wrist shot by Tomas Kubalik.
16:17 of 3rd period - Deflect By Michael Bournival.
16:17 of 3rd period - Shot Misses the Net.
16:17 of 3rd period - Puck is out of play.
16:18 of 3rd period - Devin Shore wins face-off versus Nick Shore in Sasquatch zone.
16:31 of 3rd period - Wrist shot by Ryan Hartman.
16:31 of 3rd period - Stopped by Joonas Korpisalo without a rebound.
16:32 of 3rd period - Sam Reinhart wins face-off versus Tyler Brenner in Sasquatch zone.
16:57 of 3rd period - Timo Meier is hit by Brandon McMillan and loses puck.
18:18 of 3rd period - Tomas Kubalik is hit by Patrick Wey and loses puck.
18:59 of 3rd period - Snap shot by Tyler Brenner.
18:59 of 3rd period - Deflect By Tomas Kubalik.
18:59 of 3rd period - Shot Misses the Net.
18:59 of 3rd period - Puck is out of play.
19:00 of 3rd period - Sergey Kalinin wins face-off versus Tyler Brenner in Sasquatch zone.
19:09 of 3rd period - Slapshot by Teemu Hartikainen.
19:09 of 3rd period - Stopped by Anton Forsberg with a rebound.
19:43 of 3rd period - Petr Straka is hit by Blake Heinrich and loses puck.
Goals for this period are 1 for Sasquatch vs 3 for Harfangs.
Shots for this period are 6 for Sasquatch vs 9 for Harfangs.

Overtime #1


0:01 of 1st overtime period - Michael Bournival wins face-off versus Sergey Kalinin in neutral zone.
1:09 of 1st overtime period - Wrist shot by Jujhar Khaira.
1:09 of 1st overtime period - Stopped by Anton Forsberg with a rebound.
1:41 of 1st overtime period - Martin Marincin is hit by David Kampf.
2:13 of 1st overtime period - Patrick Wey is hit by Michael Bournival and loses puck.
2:36 of 1st overtime period - Wrist shot by Brandon McMillan.
2:36 of 1st overtime period - Stopped by Joonas Korpisalo with a rebound.
2:42 of 1st overtime period - Brandon McMillan is hit by Patrick Wey and loses puck.
3:09 of 1st overtime period - Jack Roslovic is hit by Reid McNeill and loses puck.
4:17 of 1st overtime period - Dylan Olsen is hit by Patrick Wey and loses puck.
Goals for this period are 0 for Sasquatch vs 0 for Harfangs.
Shots for this period are 1 for Sasquatch vs 1 for Harfangs.

ShootOut


5:00 of 1st overtime period - Round #1.
5:00 of 1st overtime period - Sasquatch, Jack Roslovic.
5:00 of 1st overtime period - Snap shot by Jack Roslovic.
5:00 of 1st overtime period - Stopped by Anton Forsberg.
5:00 of 1st overtime period - Harfangs, Michael Bournival.
5:00 of 1st overtime period - Deke by Michael Bournival.
5:00 of 1st overtime period - Goal by Michael Bournival.
5:00 of 1st overtime period - Round #2.
5:00 of 1st overtime period - Sasquatch, Devin Shore.
5:00 of 1st overtime period - Backhand shot by Devin Shore.
5:00 of 1st overtime period - Stopped by Anton Forsberg.
5:00 of 1st overtime period - Harfangs, Tomas Kubalik.
5:00 of 1st overtime period - Snap shot by Tomas Kubalik.
5:00 of 1st overtime period - Goal by Tomas Kubalik.
5:00 of 1st overtime period - Round #3.